[Event "Titled Tuesday Blitz November 2 2021"]
[White "Mirzoev, Azer"]
[Black "Abdrlauf, Elham"]
[WhiteFideId "13400304"]
[BlackFideId "1533533"]
[WhiteElo "2525"]
[BlackElo "2362"]
[Result "0-1"]
[Round "06"]
[TimeControl "180+1"]
[Date "2021.11.02"]
[WhiteClock "0:00:17"]
[BlackClock "0:01:09"]

1. d4 Nf6 2. Nf3 e6 3. Bf4 b6 4. e3 Bb7 5. h3 Be7 6. Bh2 O-O 7. Be2 d6 8. O-O Nbd7 9. a4 a5 10. c3 Ne4 11. Na3 Ndf6 12. Nb5 Qd7 13. Nd2 Nxd2 14. Qxd2 Ne4 15. Qc2 f5 16. f3 Nf6 17. Bd3 Rae8 18. Rfe1 Bd8 19. Na3 Qf7 20. Bb5 Re7 21. Rad1 Qh5 22. Bf1 g5 23. g4 fxg4 24. hxg4 Qh6 25. Bg2 Ref7 26. Rf1 Qg7 27. Nb5 h5 28. gxh5 Nxh5 29. Qe2 Qh6 30. Rf2 Nf6 31. f4 Ne4 32. Bxe4 Bxe4 33. Qg4 Rg7 34. Kf1 gxf4 35. Bxf4 Qh1+ 36. Ke2 Qxd1+ 0-1


[Site "https://www.chess.com"]

[Event "Titled Tuesday Blitz November 2 2021"]
[White "Nakamura, Hikaru"]
[Black "Timofeev, Artyom"]
[WhiteFideId "2016192"]
[BlackFideId "4140419"]
[WhiteElo "2884"]
[BlackElo "2591"]
[Result "1-0"]
[Round "06"]
[TimeControl "180+1"]
[Date "2021.11.02"]
[WhiteClock "0:00:52"]
[BlackClock "0:00:21"]

1. Nf3 c5 2. b3 d6 3. d4 cxd4 4. Qxd4 Nc6 5. Qd2 Nf6 6. c4 g6 7. Nc3 Bg7 8. Bb2 O-O 9. e3 b6 10. Be2 Bb7 11. O-O Nd7 12. Rfd1 Nc5 13. Nd5 Bxb2 14. Qxb2 Nd7 15. Rd2 Nce5 16. Ne1 Nc5 17. Rad1 Bxd5 18. Rxd5 Ned7 19. Nc2 Nf6 20. R5d2 Nce4 21. Rd4 Rc8 22. Ne1 Nc5 23. Bf1 a6 24. b4 Ncd7 25. Nf3 Qc7 26. a3 a5 27. g3 axb4 28. axb4 Ra8 29. Bg2 Ra7 30. Nd2 Ne5 31. Rc1 Nc6 32. Rd3 Ne5 33. Rdc3 Rb8 34. Nb1 Qd7 35. Na3 Rc7 36. Qe2 Rcc8 37. Nb5 Ne8 38. Nd4 Nf6 39. f4 Nc6 40. Nxc6 Rxc6 41. Bxc6 Qxc6 42. Ra3 Ne4 43. Qd3 Rc8 44. Raa1 Qb7 45. Qd5 Qxd5 46. cxd5 Rc3 47. Rxc3 Nxc3 48. e4 Nxe4 49. Ra6 b5 50. Rb6 Nc3 51. Kf2 Kg7 52. Ke1 Kf6 53. Kd2 Nxd5 54. Rxb5 Ke6 55. Rb7 Nf6 56. b5 d5 57. Rc7 Kd6 58. Rc6+ Kd7 59. Kd3 Ne4 60. Rc2 Nd6 61. Rc5 e6 62. b6 Nc4 63. b7 1-0


[Site "https://www.chess.com"]

[Event "Titled Tuesday Blitz November 2 2021"]
[White "Narayanan.S.L"]
[Black "Fawzy, Adham"]
[WhiteFideId "5058422"]
[BlackFideId "10613129"]
[WhiteElo "2570"]
[BlackElo "2504"]
[Result "1/2-1/2"]
[Round "06"]
[TimeControl "180+1"]
[Date "2021.11.02"]
[WhiteClock "0:00:32"]
[BlackClock "0:00:07"]

1. b3 c5 2. Bb2 Nc6 3. e3 e5 4. c4 g6 5. Ne2 Bg7 6. g3 d6 7. Bg2 Nge7 8. O-O O-O 9. Nbc3 Be6 10. d3 d5 11. cxd5 Nxd5 12. a3 Rc8 13. Rc1 b6 14. Qd2 Qd7 15. Rfd1 Rfd8 16. Ne4 Na5 17. Qc2 Ne7 18. Qb1 Bxb3 19. Rd2 f5 20. Nxc5 Rxc5 21. Rxc5 bxc5 22. Bc3 Nec6 23. Bxc6 Nxc6 24. Qxb3+ Qd5 25. Qxd5+ Rxd5 26. Kf1 Kf7 27. Ke1 g5 28. f3 Rd7 29. e4 f4 30. g4 Bf8 31. Bb2 Nd4 32. Kf2 Rb7 33. Nc3 c4 34. dxc4 Rb3 35. Kg2 Bxa3 36. Bxa3 Rxa3 37. Nb5 Nxb5 38. cxb5 Ke6 39. Rc2 Ra5 40. Rc6+ Kd7 41. Rh6 Rxb5 42. Rxh7+ Kd6 43. Rxa7 Rb2+ 44. Kg1 Rb1+ 45. Kf2 Rb2+ 46. Kf1 Rb1+ 47. Ke2 Rb2+ 48. Kd3 Rf2 49. Rg7 Rxf3+ 50. Kc4 Ke6 51. Rg6+ Kf7 52. Rxg5 Kf6 53. Rf5+ Ke6 54. Rh5 Rf2 55. Rh6+ Kf7 56. Kd5 Kg7 57. g5 f3 58. Kxe5 Ra2 59. Rf6 Ra5+ 60. Kd4 Ra4+ 61. Ke3 Ra3+ 62. Kf2 Ra2+ 63. Kxf3 Rxh2 64. e5 Rh1 65. Ke4 Re1+ 66. Kf5 Rf1+ 67. Ke6 Rg1 68. g6 Ra1 69. Rf2 Ra6+ 70. Kf5 Rxg6 71. Ra2 Rb6 72. Ra7+ Kf8 73. Rd7 Ke8 74. Rc7 Ra6 75. Rb7 Rc6 76. Ke4 Ra6 77. Kd5 Ra5+ 78. Kd4 Ra4+ 79. Kd3 Ra3+ 80. Ke4 Ra4+ 81. Kf5 Ra6 82. Rg7 Rb6 83. Ra7 Rc6 84. e6 Rc1 85. Ra8+ Ke7 86. Ra7+ Ke8 87. Ra8+ Ke7 88. Ra7+ Ke8 1/2-1/2


[Site "https://www.chess.com"]

[Event "Titled Tuesday Blitz November 2 2021"]
[White "Naroditsky, Daniel"]
[Black "Jobava, Baadur"]
[WhiteFideId "2026961"]
[BlackFideId "13601520"]
[WhiteElo "2608"]
[BlackElo "2731"]
[Result "1-0"]
[Round "06"]
[TimeControl "180+1"]
[Date "2021.11.02"]
[WhiteClock "0:00:17"]
[BlackClock "0:00:06"]

1. e4 e5 2. Nf3 Nc6 3. Bb5 a6 4. Ba4 b5 5. Bb3 Na5 6. d4 exd4 7. O-O Nxb3 8. axb3 c5 9. Re1 Ne7 10. c3 Nc6 11. cxd4 cxd4 12. Nxd4 Qf6 13. Nf5 Bb4 14. Nc3 Bxc3 15. Nd6+ Qxd6 16. Qxd6 Bxe1 17. Qg3 Bb7 18. Qxg7 O-O-O 19. Bf4 Bb4 20. Rc1 d6 21. Qxf7 Rhf8 22. Qe6+ Kb8 23. Be3 Ka8 24. h3 Rde8 25. Qh6 Rf7 26. Qh5 Rfe7 27. f3 Re5 28. Qxh7 d5 29. Rxc6 R5e7 30. Qg6 1-0


[Site "https://www.chess.com"]

[Event "Titled Tuesday Blitz November 2 2021"]
[White "Ovchinnikov, Vsevolod"]
[Black "Rychagov, Andrey"]
[WhiteFideId "24176842"]
[BlackFideId "4119932"]
[WhiteElo "2376"]
[BlackElo "2500"]
[Result "1-0"]
[Round "06"]
[TimeControl "180+1"]
[Date "2021.11.02"]
[WhiteClock "0:00:15"]
[BlackClock "0:00:06"]

1. d4 f5 2. g3 Nf6 3. Bg2 g6 4. Nf3 Bg7 5. b3 O-O 6. Bb2 d6 7. Nbd2 Nc6 8. O-O Qe8 9. Nc4 e6 10. a4 a5 11. e3 Rb8 12. Re1 b6 13. Nfd2 d5 14. Na3 e5 15. Nb5 Rf7 16. dxe5 Nxe5 17. Nf3 Nxf3+ 18. Bxf3 Bb7 19. Qe2 Rd8 20. Rad1 c6 21. Nd4 Ne4 22. c4 Rfd7 23. Ba1 Qf7 24. Bxe4 fxe4 25. cxd5 Rxd5 26. Qc2 c5 27. Nb5 Bxa1 28. Rxd5 Bxd5 29. Rxa1 Bxb3 30. Qb2 h5 31. Nc3 Re8 32. Rb1 c4 33. Qd2 Qe7 34. Nd5 Qd6 35. Qd4 Kf7 36. Rb2 Qe5 37. Rd2 Qxd4 38. Rxd4 Rd8 39. Kf1 Ke6 40. Nc3 Rxd4 41. exd4 Bc2 42. Ke2 Kf5 43. h4 b5 44. axb5 Ke6 45. Ke3 a4 46. d5+ Kd6 47. Kd4 a3 48. Kxc4 Bd3+ 49. Kb3 a2 50. Kxa2 Kc5 51. Kb3 Bc4+ 52. Kc2 Kd4 53. Kd2 Bf1 54. d6 Bh3 55. b6 1-0


[Site "https://www.chess.com"]

[Event "Titled Tuesday Blitz November 2 2021"]
[White "Ozen, Bahadir"]
[Black "Nesterov, Arseniy"]
[WhiteFideId "6337058"]
[BlackFideId "24198455"]
[WhiteElo "2503"]
[BlackElo "2494"]
[Result "1-0"]
[Round "06"]
[TimeControl "180+1"]
[Date "2021.11.02"]
[WhiteClock "0:00:52"]
[BlackClock "0:00:01"]

1. Nf3 d5 2. e3 Nf6 3. c4 c6 4. Nc3 e6 5. b3 Bd6 6. Bb2 O-O 7. Rc1 Nbd7 8. Qc2 b6 9. d4 Bb7 10. cxd5 exd5 11. Bd3 c5 12. O-O Rc8 13. Qe2 Qe7 14. Rfd1 Rfd8 15. Ba6 Bxa6 16. Qxa6 Nb8 17. Qb5 Nc6 18. dxc5 bxc5 19. Ne2 Ne4 20. Ng3 Qe6 21. Ba3 c4 22. Bxd6 Nxd6 23. Qxd5 Qxd5 24. Rxd5 Nb4 25. Ra5 Nd3 26. Rc3 cxb3 27. Rxc8 Rxc8 28. axb3 Rc1+ 29. Nf1 Ne4 30. Rxa7 g6 31. Ra2 Nc3 32. Rd2 Nc5 33. Nd4 N5e4 34. Rb2 Nd1 35. Rc2 Rb1 36. f3 1-0


[Site "https://www.chess.com"]

[Event "Titled Tuesday Blitz November 2 2021"]
[White "Postny, Evgeny"]
[Black "Sorokin, Aleksey"]
[WhiteFideId "2804344"]
[BlackFideId "24176460"]
[WhiteElo "2521"]
[BlackElo "2476"]
[Result "1/2-1/2"]
[Round "06"]
[TimeControl "180+1"]
[Date "2021.11.02"]
[WhiteClock "0:00:11"]
[BlackClock "0:00:14"]

1. Nf3 Nf6 2. c4 c5 3. g3 b6 4. Bg2 Bb7 5. O-O e6 6. Nc3 Be7 7. d4 cxd4 8. Qxd4 O-O 9. b3 d6 10. Bb2 Nbd7 11. Rfd1 a6 12. Rac1 Qc7 13. Qe3 Rac8 14. Nd4 Bxg2 15. Kxg2 Ne5 16. h3 Rfd8 17. f4 Qb7+ 18. Nf3 Ned7 19. f5 Ne5 20. fxe6 fxe6 21. Na4 b5 22. Bxe5 bxa4 23. Bxf6 Bxf6 24. Qxe6+ Kh8 25. Qd5 Qb4 26. Rd3 Rc5 27. Qe6 Rcc8 28. Rc2 axb3 29. axb3 a5 30. Ra2 h6 31. h4 Ra8 32. g4 a4 33. Rxa4 Rxa4 34. bxa4 Qxa4 35. g5 Re8 36. Qf7 Rxe2+ 37. Kg3 Be7 38. gxh6 gxh6 39. Qg6 Qc2 40. Qxh6+ Kg8 41. Qg6+ Kh8 42. Qh5+ Kg7 43. Qg4+ Kh8 44. Qh5+ Kg7 45. Rd4 Rg2+ 46. Kh3 Qf2 47. Rg4+ Rxg4 48. Qxg4+ Kf8 49. Qf5+ Ke8 50. h5 Qf1+ 51. Kg3 Qxc4 52. h6 Qf7 53. Kg4 Qxf5+ 54. Kxf5 Kf7 55. Nd4 Bf8 56. h7 Kg7 57. Ne6+ Kxh7 58. Nxf8+ Kg8 59. Ne6 d5 60. Nf4 d4 61. Nd3 Kf7 62. Ke4 Ke8 63. Kxd4 1/2-1/2


[Site "https://www.chess.com"]

[Event "Titled Tuesday Blitz November 2 2021"]
[White "Rasulov, Vugar"]
[Black "Shkapenko, Pavel"]
[WhiteFideId "13402390"]
[BlackFideId "4151933"]
[WhiteElo "2560"]
[BlackElo "2386"]
[Result "1-0"]
[Round "06"]
[TimeControl "180+1"]
[Date "2021.11.02"]
[WhiteClock "0:01:03"]
[BlackClock "0:00:20"]

1. h3 e5 2. e4 Nf6 3. Nc3 Bb4 4. Nf3 O-O 5. Nxe5 d5 6. a3 Bd6 7. d4 dxe4 8. Be2 Nbd7 9. Nc4 Be7 10. O-O Nb6 11. Ne5 c6 12. Bg5 Nbd5 13. Nxd5 Nxd5 14. Bxe7 Qxe7 15. Qd2 f6 16. Nc4 Be6 17. Ne3 Rad8 18. Rad1 Kh8 19. Rfe1 f5 20. Nxd5 cxd5 21. Qf4 g5 22. Qe5+ Qf6 23. Qxf6+ Rxf6 24. Rc1 f4 25. Bf1 g4 26. hxg4 Bxg4 27. c4 e3 28. cxd5 exf2+ 29. Kxf2 Rxd5 30. Re8+ Kg7 31. Rc7+ Rd7 32. Rxd7+ Bxd7 33. Re7+ Rf7 34. Rxf7+ Kxf7 35. Kf3 Ke7 36. Kxf4 Kd6 37. Kg5 Kd5 38. Bd3 h6+ 39. Kxh6 Kxd4 40. Bg6 Be6 41. Kg5 Kc4 42. Bc2 Kd4 43. g4 Ke3 44. Bf5 Bd5 45. Kf6 Kd2 46. g5 Kc1 47. b4 Kb2 48. g6 Kxa3 49. Be6 Be4 50. g7 Bh7 51. Kg5 Kxb4 52. Kh6 1-0


[Site "https://www.chess.com"]

[Event "Titled Tuesday Blitz November 2 2021"]
[White "Rozman, Levy"]
[Black "Sychev, Klementy"]
[WhiteFideId "2039877"]
[BlackFideId "4114060"]
[WhiteElo "2376"]
[BlackElo "2615"]
[Result "1/2-1/2"]
[Round "06"]
[TimeControl "180+1"]
[Date "2021.11.02"]
[WhiteClock "0:00:01"]
[BlackClock "0:00:07"]

1. d4 Nf6 2. c4 g6 3. Nc3 d5 4. cxd5 Nxd5 5. e4 Nxc3 6. bxc3 Bg7 7. Nf3 c5 8. h3 O-O 9. Be2 Nc6 10. Be3 cxd4 11. cxd4 f5 12. O-O fxe4 13. Bc4+ Kh8 14. Ng5 Nxd4 15. Nxe4 e5 16. Bg5 Qe8 17. Nd6 Qc6 18. Nf7+ Rxf7 19. Bxf7 Bxh3 20. f3 Rf8 21. Bb3 Bd7 22. Be3 Qd6 23. Qd2 Bc6 24. Rad1 h5 25. Bc2 Qd8 26. Be4 Qe8 27. Bh6 Kh7 28. Bxg7 Kxg7 29. Rde1 Qe7 30. Bxc6 Nxc6 31. Qb2 Rf7 32. f4 Qc5+ 33. Kh1 Nd4 34. Rxe5 Qc4 35. Rc1 Qd3 36. Qf2 Kh7 37. Rd5 Qa3 38. Rd1 Nf5 39. Rd7 Qf8 40. Rxf7+ Qxf7 41. Qf3 Qe7 42. Qd3 Kh6 43. g3 Qe6 44. Kg1 Qc6 45. Kf2 Qb6+ 46. Kg2 Ne3+ 47. Kf3 Nxd1 48. Qxd1 Qc6+ 49. Kf2 Kg7 50. Qd4+ Kf7 51. Qxa7 Kf6 52. Qd4+ Kf7 53. a4 Ke7 54. Qg7+ Kd8 55. Qh7 Kc8 56. a5 Kb8 57. Qh8+ Ka7 58. Qd4+ Ka6 59. Qe5 Qb5 60. Qf6+ Qc6 61. Qe5 Qc2+ 62. Ke3 Qb3+ 63. Kf2 Qa2+ 64. Kg1 Qxa5 65. Qe2+ Qb5 66. Qa2+ Kb6 67. Qf7 Qc6 68. Qf8 Ka6 69. Kh2 b5 70. Qa3+ Kb6 71. Qe3+ Kb7 72. Qe7+ Ka6 73. Qa3+ Kb6 74. Qe3+ Kc7 75. Qe7+ Kc8 76. Qf8+ Kb7 77. Qe7+ Qc7 78. Qe4+ Qc6 79. Qe7+ 1/2-1/2


[Site "https://www.chess.com"]

[Event "Titled Tuesday Blitz November 2 2021"]
[White "Sanchez Alvares, Kelvin Antonio"]
[Black "Demidov, Mikhail"]
[WhiteFideId "3906680"]
[BlackFideId "4197143"]
[WhiteElo "2193"]
[BlackElo "2527"]
[Result "0-1"]
[Round "06"]
[TimeControl "180+1"]
[Date "2021.11.02"]
[WhiteClock "0:00:05"]
[BlackClock "0:00:16"]

1. d4 g6 2. Nf3 Bg7 3. c4 d6 4. Nc3 e5 5. e4 Bg4 6. d5 a5 7. Be3 Bh6 8. Qd2 Bxe3 9. Qxe3 Bxf3 10. Qxf3 Na6 11. h4 h5 12. O-O-O Nh6 13. Kb1 Kf8 14. Be2 Kg7 15. Qe3 f5 16. f4 Qe7 17. Bd3 Ng4 18. Qf3 fxe4 19. Qxe4 Rh6 20. Rhf1 Nc5 21. Qe2 Qxh4 22. f5 gxf5 23. Bxf5 Nf6 24. Nb5 Ne8 25. g4 hxg4 26. Rg1 Nf6 27. Bxg4 Kh8 28. Nxc7 Rg8 29. Be6 Rxg1 30. Rxg1 Qe4+ 31. Qxe4 Nfxe4 32. Ne8 Nxe6 33. dxe6 Rxe6 34. Nc7 Rf6 35. Nb5 Nd2+ 36. Kc2 Nxc4 37. b3 Ne3+ 38. Kd3 Nd5 39. Ke4 Nb4 40. a3 Rf4+ 41. Ke3 Nd5+ 42. Kd2 Nf6 43. Re1 Kg7 44. Kc2 Ne4 45. Rd1 Rf6 46. Rd5 Kf7 47. Kd3 Nc5+ 48. Kc4 Rf4+ 49. Kc3 Ne4+ 50. Kc2 Ke6 51. Nc7+ Kd7 52. Na8 Nc5 53. Rd2 Kc6 54. Kc3 Rf3+ 55. Kc4 Rf4+ 56. Kc3 Ne4+ 0-1


[Site "https://www.chess.com"]

[Event "Titled Tuesday Blitz November 2 2021"]
[White "Schmakel, Sam"]
[Black "King, Alexander"]
[WhiteFideId "2039311"]
[BlackFideId "2063620"]
[WhiteElo "2356"]
[BlackElo "2306"]
[Result "1-0"]
[Round "06"]
[TimeControl "180+1"]
[Date "2021.11.02"]
[WhiteClock "0:00:36"]
[BlackClock "0:00:02"]

1. Nf3 d5 2. g3 Nf6 3. Bg2 Bf5 4. O-O e6 5. c4 c6 6. Qb3 Qb6 7. d3 Nbd7 8. Be3 Bc5 9. Bxc5 Nxc5 10. Qa3 dxc4 11. dxc4 Bxb1 12. Raxb1 a5 13. Qc3 O-O 14. e3 Rfd8 15. Rfd1 Rxd1+ 16. Rxd1 Rd8 17. Qc2 Kf8 18. Ne5 Qc7 19. Rd4 Rxd4 20. exd4 Ncd7 21. Nd3 e5 22. Qc3 exd4 23. Qxd4 Ke7 24. c5 Nf8 25. Bh3 Ne6 26. Bxe6 fxe6 27. Nf4 e5 28. Qe3 Nd5 29. Qe4 Nf6 30. Qe2 1-0


[Site "https://www.chess.com"]

[Event "Titled Tuesday Blitz November 2 2021"]
[White "Siva Mahadevan"]
[Black "Lovkov, Roman"]
[WhiteFideId "25043153"]
[BlackFideId "4157389"]
[WhiteElo "2203"]
[BlackElo "2371"]
[Result "1-0"]
[Round "06"]
[TimeControl "180+1"]
[Date "2021.11.02"]
[WhiteClock "0:02:13"]
[BlackClock "0:00:56"]

1. e4 c5 2. Nf3 d6 3. d4 cxd4 4. Nxd4 Nf6 5. Nc3 g6 6. Be3 Bg7 7. f3 O-O 8. Qd2 Nc6 9. Bc4 Bd7 10. h4 Ne5 11. Bb3 h5 12. O-O-O Rc8 13. Bg5 Rc5 14. Kb1 b5 15. g4 hxg4 16. h5 Nxh5 17. Nd5 Rxd5 18. Bxd5 Nxf3 19. Nxf3 gxf3 20. Rdg1 Qb8 21. Rxh5 e6 22. Bb3 a5 23. Qh2 Qb6 24. Rh8+ Bxh8 25. Rh1 1-0


[Site "https://www.chess.com"]

[Event "Titled Tuesday Blitz November 2 2021"]
[White "Skatchkov, Valery"]
[Black "Karolczuk, Iwo"]
[WhiteFideId "24195812"]
[BlackFideId "21816972"]
[WhiteElo "2195"]
[BlackElo "2093"]
[Result "1-0"]
[Round "06"]
[TimeControl "180+1"]
[Date "2021.11.02"]
[WhiteClock "0:00:10"]
[BlackClock "0:00:02"]

1. d4 Nf6 2. c4 g6 3. Nc3 Bg7 4. e4 O-O 5. h3 d6 6. Be3 c5 7. Nf3 cxd4 8. Nxd4 b6 9. g4 Bb7 10. Bg2 Qc8 11. O-O Nbd7 12. Rc1 Nc5 13. Qc2 Ne6 14. Nxe6 Qxe6 15. Nd5 Qd7 16. Qd2 Rfd8 17. Nc3 Rac8 18. b3 Bc6 19. Rfd1 Qb7 20. Bd4 e5 21. Bxe5 dxe5 22. Qxd8+ Rxd8 23. Rxd8+ Bf8 24. Nd5 Nd7 25. Rd1 Kg7 26. g5 h6 27. h4 Bc5 28. Bh3 Bd4 29. Bxd7 Bxd7 30. Nf6 hxg5 31. hxg5 Qc8 32. Rxc8 Bxc8 33. Kg2 Kf8 34. Kf3 Ke7 35. Ng4 Bb7 36. Ne3 Kd6 37. Nd5 Kc5 38. Rh1 b5 39. Rh7 bxc4 40. bxc4 Kxc4 41. Rxf7 Ba6 42. Rxa7 Bxa7 43. Ne7 Kd3 44. Nxg6 Bd4 45. Ne7 Bb7 46. Nd5 Bxd5 47. exd5 e4+ 48. Kf4 Bxf2 49. d6 Bb6 50. g6 e3 51. g7 e2 52. g8=Q e1=Q 53. Qd5+ Kc2 54. Qc6+ Qc3 55. Qxb6 Qc4+ 56. Ke5 Qe2+ 57. Kd5 Qf3+ 58. Kc5 Qc3+ 59. Kb5 Qd3+ 60. Kc6 Qe4+ 61. Kc7 1-0


[Site "https://www.chess.com"]

[Event "Titled Tuesday Blitz November 2 2021"]
[White "Terry, Renato"]
[Black "Babazada, Khazar"]
[WhiteFideId "3803457"]
[BlackFideId "13413554"]
[WhiteElo "2577"]
[BlackElo "2302"]
[Result "0-1"]
[Round "06"]
[TimeControl "180+1"]
[Date "2021.11.02"]
[WhiteClock "0:00:01"]
[BlackClock "0:00:40"]

1. d4 d5 2. Bg5 Nf6 3. Bxf6 exf6 4. e3 c6 5. c4 dxc4 6. Bxc4 Be7 7. Nc3 O-O 8. Qc2 c5 9. Rd1 cxd4 10. Rxd4 Qa5 11. Rd5 Qc7 12. Bd3 g6 13. a3 Be6 14. Rd4 Nc6 15. Ra4 Rfd8 16. Nf3 Qd7 17. Be2 a6 18. O-O b5 19. Rf4 g5 20. Re4 f5 21. Rd1 Qb7 22. Red4 Nxd4 23. Nxd4 Rac8 24. Nxf5 Rxd1+ 25. Bxd1 Qd7 26. Bg4 Bf6 27. e4 Bxc3 28. bxc3 Bxf5 29. exf5 Qd4 30. h3 Rxc3 31. Qe2 Kg7 32. Kh2 Rd3 33. Kg1 Rd2 34. Qe1 Ra2 35. Qe7 Qxf2+ 0-1


[Site "https://www.chess.com"]

[Event "Titled Tuesday Blitz November 2 2021"]
[White "Thorhallsson, Simon"]
[Black "Pichot, Alan"]
[WhiteFideId "2310090"]
[BlackFideId "110973"]
[WhiteElo "2174"]
[BlackElo "2600"]
[Result "0-1"]
[Round "06"]
[TimeControl "180+1"]
[Date "2021.11.02"]
[WhiteClock "0:00:10"]
[BlackClock "0:00:41"]

1. e4 c5 2. Nf3 d6 3. d4 cxd4 4. Nxd4 Nf6 5. Nc3 Nc6 6. g3 g6 7. Nde2 Bg7 8. Bg2 h5 9. O-O h4 10. Nd5 Nxd5 11. exd5 Ne5 12. Nd4 Bg4 13. f3 Bd7 14. f4 Ng4 15. f5 gxf5 16. h3 Ne5 17. Nxf5 Bxf5 18. Rxf5 hxg3 19. Rg5 Qb6+ 20. Kh1 Qf2 21. Qg1 Qxg1+ 22. Kxg1 Bh6 23. Rxg3 Bxc1 24. Rxc1 Kd7 25. Kf2 Rh4 26. b3 b5 27. Bf1 a6 28. c4 Rc8 29. Rgc3 b4 30. Rg3 a5 31. Re3 f6 32. Rg3 a4 33. bxa4 Nxc4 34. Bxc4 Rhxc4 35. Rxc4 Rxc4 36. a3 Rc2+ 37. Kg1 Rc3 38. Rg2 bxa3 39. Ra2 Rb3 40. Ra1 Kc7 41. h4 Kb6 42. h5 Ka5 43. Kg2 Kxa4 44. Rb1 Rxb1 0-1


[Site "https://www.chess.com"]

[Event "Titled Tuesday Blitz November 2 2021"]
[White "Tregubov, Pavel V."]
[Black "Kovalenko, Igor"]
[WhiteFideId "4115341"]
[BlackFideId "14117908"]
[WhiteElo "2423"]
[BlackElo "2629"]
[Result "1/2-1/2"]
[Round "06"]
[TimeControl "180+1"]
[Date "2021.11.02"]
[WhiteClock "0:00:21"]
[BlackClock "0:00:50"]

1. e4 e6 2. d4 d5 3. exd5 exd5 4. Nf3 Nf6 5. Bd3 Bd6 6. Qe2+ Be6 7. c4 O-O 8. c5 Be7 9. h3 Nc6 10. O-O Ne4 11. Nc3 f5 12. Bb5 Bf6 13. Bxc6 bxc6 14. Bf4 Re8 15. Be5 Bf7 16. Bxf6 Qxf6 17. Nxe4 dxe4 18. Ne5 Bd5 19. f4 exf3 20. gxf3 f4 21. Kh2 Qf5 22. Rg1 Re7 23. Rg4 Rae8 24. Rag1 g6 25. Qd2 Rf8 26. Rg5 Qc8 27. Qf2 Rg7 28. b3 Rf6 29. Qh4 Qe6 30. R5g4 Qf5 31. R1g2 Rf8 32. Rg5 Qb1 33. R5g4 Qc1 34. Qh6 Rf6 35. h4 Qd1 36. Rxf4 Rxf4 37. Qxf4 Qe1 38. h5 gxh5 39. Rxg7+ Kxg7 40. Qg5+ Kf8 41. Qd8+ Kg7 42. Qe7+ Kg8 43. Qd8+ Kg7 44. Qg5+ Kf8 45. Qf6+ Kg8 46. Qd8+ Kg7 1/2-1/2


[Site "https://www.chess.com"]

[Event "Titled Tuesday Blitz November 2 2021"]
[White "Visakh N R"]
[Black "Karpeshov, Oleg"]
[WhiteFideId "25012223"]
[BlackFideId "4106814"]
[WhiteElo "2454"]
[BlackElo "2354"]
[Result "1-0"]
[Round "06"]
[TimeControl "180+1"]
[Date "2021.11.02"]
[WhiteClock "0:00:04"]
[BlackClock "0:00:03"]

1. c4 e5 2. g3 Nc6 3. Bg2 f5 4. d3 Nf6 5. Nf3 g6 6. O-O Bg7 7. Bg5 h6 8. Bxf6 Bxf6 9. Nc3 d6 10. Nd5 Bg7 11. b4 O-O 12. Rb1 Nb8 13. a4 Nd7 14. b5 Nc5 15. a5 Rb8 16. b6 axb6 17. axb6 c6 18. Nc7 Ne6 19. Nxe6 Bxe6 20. Qb3 Ra8 21. Nd2 Qd7 22. Ra1 Rxa1 23. Rxa1 e4 24. Ra7 d5 25. cxd5 cxd5 26. Qa4 Qc8 27. Nb3 Kh7 28. Bf1 exd3 29. exd3 f4 30. Nd4 Bd7 31. Qb4 fxg3 32. hxg3 Qc1 33. Rxb7 Rf7 34. Ne2 Qc6 35. Rc7 Qf6 36. Qc5 d4 37. Nf4 g5 38. Rxd7 Rxd7 39. Nd5 Qe5 40. Bg2 Qd6 41. Be4+ Kh8 42. Qxd6 Rxd6 43. b7 Rd8 44. Ne7 Rb8 45. f4 gxf4 46. gxf4 Bf8 47. Nc8 Bc5 48. Kg2 Kg7 49. Kf3 Kf6 50. Kg4 Kg7 51. Kf5 Kf7 52. Bd5+ Kg7 53. Ke6 h5 54. f5 h4 55. f6+ Kf8 56. Ne7 h3 57. Ng6+ Kg8 58. Kd7+ Kh7 59. Be4 Kh6 60. Ne5 Ba7 61. Kc6 Kg5 62. Nd7 Rh8 63. f7 1-0


[Site "https://www.chess.com"]

[Event "Titled Tuesday Blitz November 2 2021"]
[White "Wagner, Dennis"]
[Black "Tsydypov, Zhamsaran"]
[WhiteFideId "24650684"]
[BlackFideId "4108566"]
[WhiteElo "2355"]
[BlackElo "2649"]
[Result "0-1"]
[Round "06"]
[TimeControl "180+1"]
[Date "2021.11.02"]
[WhiteClock "0:00:01"]
[BlackClock "0:01:00"]

1. e4 c5 2. Nf3 d6 3. Bb5+ Nd7 4. O-O Nf6 5. Re1 a6 6. Bf1 e6 7. c3 b5 8. d4 Bb7 9. Nbd2 Be7 10. Bd3 O-O 11. Nf1 Nb6 12. Ng3 cxd4 13. cxd4 Rc8 14. b3 h6 15. h3 Nbd7 16. Bb2 Qb6 17. Qd2 Rfd8 18. Rad1 Bf8 19. Bc3 Re8 20. Ba5 Qa7 21. Bb1 Qa8 22. Re3 e5 23. d5 g6 24. Nh4 Nc5 25. Ngf5 gxf5 26. Nxf5 Kh7 27. Rf3 Nfxe4 28. Ng3 f5 29. Nxe4 fxe4 30. Rf7+ Kg6 31. Rf3 Bg7 32. b4 Nd3 33. Rxd3 exd3 34. Qxd3+ e4 35. Qg3+ Kh7 36. f3 Bxd5 37. Qxd6 Bb7 38. h4 Qb8 39. Qd2 Qg3 40. h5 Kh8 41. Qd7 exf3 42. Rd2 Re1# 0-1


[Site "https://www.chess.com"]

[Event "Titled Tuesday Blitz November 2 2021"]
[White "Yanchenko, Roman"]
[Black "Tikhonov, Viacheslav"]
[WhiteFideId "4137329"]
[BlackFideId "44196407"]
[WhiteElo "2514"]
[BlackElo "1773"]
[Result "1/2-1/2"]
[Round "06"]
[TimeControl "180+1"]
[Date "2021.11.02"]
[WhiteClock "0:00:11"]
[BlackClock "0:00:07"]

1. d4 Nf6 2. c4 g6 3. Nf3 Bg7 4. Nc3 d5 5. Bf4 O-O 6. c5 Bf5 7. e3 Ne4 8. Qb3 Nxc3 9. bxc3 b6 10. cxb6 axb6 11. Be2 Nc6 12. O-O Na5 13. Qb2 Bg4 14. Rfc1 Bxf3 15. Bxf3 Nc4 16. Qb4 Qd7 17. a4 Ra5 18. Be2 c5 19. Qb3 Qe6 20. Bc7 cxd4 21. Bxc4 dxc4 22. Qxb6 Qxb6 23. Bxb6 Ra6 24. Bxd4 Rfa8 25. Bc5 Rxa4 26. Rxa4 Rxa4 27. g3 e6 28. Bb4 Bf8 29. Bxf8 Kxf8 30. Kg2 Ra2 31. e4 Re2 32. Kf3 Ra2 33. Ke3 e5 34. h4 h5 35. f4 Rg2 36. fxe5 Rxg3+ 37. Kd4 Rg4 38. Kxc4 Rxh4 39. Kd5 Rh2 40. e6 f6 41. Rd1 Ke7 42. c4 Rc2 43. c5 h4 44. Rg1 g5 45. e5 Rd2+ 46. Kc6 Kxe6 47. exf6 Kxf6 48. Kb7 Rb2+ 49. Kc7 Rc2 50. c6 Kf5 51. Kd7 h3 52. c7 g4 53. Rf1+ Kg5 54. Rf2 Rxc7+ 55. Kxc7 g3 56. Rf8 h2 57. Rh8 g2 58. Rxh2 g1=Q 59. Rh8 Qg3+ 60. Kd7 Qf4 61. Rg8+ Kh6 62. Re8 Qf7+ 63. Re7 Qd5+ 64. Kc7 Kg6 65. Rd7 Qc5+ 66. Kb7 Kf6 67. Rd8 Ke7 68. Rc8 Qd5+ 69. Kc7 Qd6+ 70. Kb7 Kd7 71. Rb8 Qb4+ 72. Ka7 Qa5+ 73. Kb7 Qb5+ 74. Ka7 Qc6 75. Rb7+ Kc8 76. Rb8+ Kc7 77. Rc8+ Kxc8 1/2-1/2


[Site "https://www.chess.com"]

[Event "Titled Tuesday Blitz November 2 2021"]
[White "Yeletsky, Ivan"]
[Black "Sviridov, Valery"]
[WhiteFideId "24180327"]
[BlackFideId "4120680"]
[WhiteElo "2352"]
[BlackElo "2454"]
[Result "0-1"]
[Round "06"]
[TimeControl "180+1"]
[Date "2021.11.02"]
[WhiteClock "0:00:05"]
[BlackClock "0:00:49"]

1. e4 Nf6 2. e5 Nd5 3. d4 d6 4. c4 Nb6 5. Nf3 Bg4 6. exd6 exd6 7. Be2 Be7 8. d5 O-O 9. Nbd2 Bf6 10. O-O Na6 11. h3 Bh5 12. Bd3 Nc5 13. Bf5 Re8 14. Rb1 a5 15. Qc2 g6 16. Bg4 Bxg4 17. hxg4 h6 18. b3 Qd7 19. Nh2 Re2 20. Bb2 Bxb2 21. Qxb2 Rae8 22. Qd4 Ne4 23. Rbd1 a4 24. Qd3 Nxd2 25. Rxd2 R2e4 26. g3 Qe7 27. Kg2 Nd7 28. Rh1 Nc5 29. Qc3 Qe5 30. Qxe5 R4xe5 31. Nf3 Re2 32. bxa4 Rxd2 33. Nxd2 Re2 34. Rd1 Nxa4 35. Nf3 Rxa2 36. Re1 Kf8 37. g5 hxg5 38. Nxg5 Rc2 39. Re4 Nb6 40. Rf4 Rxc4 41. Rxf7+ Ke8 42. Rg7 Nxd5 43. Rxg6 b5 44. Rg8+ Kd7 45. f4 b4 46. Rg7+ Kc6 47. Rh7 Rc2+ 48. Kf3 b3 49. Rh1 b2 50. Ne4 Rc1 0-1


[Site "https://www.chess.com"]